AoeStats
← Bliitzz67

MegaRandom

510175797Analyzed
4v4 RM · 4d ago on Sep 29, 2026· 77m 13s· 8 players
Game mode
Random Map
Map size
Large (8 player)
Population
200
Speed
Normal
Resources
Standard
Victory
Conquest
Starting age
Dark Age
Ending age
Imperial Age
RankedLock teamsTeams togetherTeam positionsShared explorationLock speedFull tech treeHidden civsTurbo modeCheats
Victory
Defeat
🇨🇳 Saracens · China
1168
+12
🇵🇱 Wei · Poland
1142
+13
🇵🇱 Varangians · Poland
1132
+14
🇧🇷 Teutons · Brazil
1005
+18
🇩🇪 Khmer · Germany
1116
-16
🇫🇷 Turks · France
1073
-14
🇩🇪 Poles · Germany
1070
-14
🇹🇷 Tatars · Türkiye
1048
-13
Gelbe Wand
8:14 Loom
10:25 Feudal Age
18:24 Castle Age
17:35 Double-Bit Axe
17:35 Horse Collar
19:01 Bloodlines
18:30 Light Cavalry
24:51 Scale Barding Armor
29:43 Szlachta Privileges
31:47 Chain Barding Armor
31:38 Forging
37:14 Iron Casting
37:50 Wheelbarrow
37:20 Heavy Plow
37:32 Bow Saw
42:18 Imperial Age
42:26 Cavalier
45:26 Crop Rotation
46:36 Blast Furnace
47:34 Husbandry
51:38 Lechitic Legacy
55:50 Winged Hussar
58:19 Hand Cart
Fenrir
10:13 Feudal Age
8:29 Loom
10:48 Horse Collar
10:55 Double-Bit Axe
13:10 Wheelbarrow
20:37 Castle Age
19:08 Fletching
21:36 Bow Saw
25:19 Hand Cart
26:07 Stone Mining
29:34 Squires
31:55 Heavy Plow
32:44 Padded Archer Armor
34:03 Leather Archer Armor
33:46 Bodkin Arrow
34:33 Elite Skirmisher
36:28 Forging
36:24 Scale Barding Armor
39:03 Imperial Age
36:22 Town Watch
39:07 Gold Mining
40:00 Iron Casting
40:35 Conscription
41:04 Crop Rotation
41:08 Ring Archer Armor
40:19 Heavy Cavalry Archer
42:33 Chemistry
42:20 Masonry
42:38 Bracer
45:49 Ballistics
46:33 Pikeman
47:18 Scale Mail Armor
47:37 Squires
47:42 Arson
50:24 Blast Furnace
54:44 Chain Barding Armor
53:57 Halberdier
55:00 Murder Holes
57:02 Siege Engineers
57:35 Plate Barding Armor
62:02 Plate Barding Armor
62:31 Bloodlines
62:27 Silk Armor
61:51 Light Cavalry
62:37 Husbandry
68:04 Hussar
HandimGurkenglas
3:22 Loom
12:20 Feudal Age
14:24 Double-Bit Axe
16:41 Castle Age
14:35 Horse Collar
14:46 Gold Mining
24:06 Bloodlines
24:03 Scale Barding Armor
24:36 Husbandry
24:49 Forging
25:33 Heavy Plow
29:43 Gold Shaft Mining
29:30 Chain Barding Armor
31:39 Iron Casting
30:26 Light Cavalry
32:01 Bow Saw
36:43 Wheelbarrow
35:53 Town Watch
36:00 Fletching
38:17 Bodkin Arrow
40:15 Hand Cart
42:35 Imperial Age
40:06 Town Patrol
43:58 Plate Barding Armor
42:46 Elite Battle Elephant
44:42 Blast Furnace
48:05 Hussar
49:46 Bracer
49:46 Scale Mail Armor
49:47 Padded Archer Armor
50:35 Caravan
53:50 Conscription
54:16 Tusk Swords
54:53 Hoardings
55:41 Crop Rotation
74:50 Pikeman
75:16 Arson
Bliitzz67
0:31 Loom
10:42 Feudal Age
18:42 Castle Age
17:58 Stone Mining
18:33 Double-Bit Axe
28:35 Horse Collar
35:06 Wheelbarrow
41:25 Imperial Age
39:15 Bow Saw
42:59 Gold Mining
44:36 Artillery
47:35 Bloodlines
47:27 Husbandry
47:40 Forging
47:47 Heavy Plow
47:56 Scale Barding Armor
52:41 Elite Janissary
59:02 Iron Casting
68:58 Blast Furnace
68:31 Chain Barding Armor
kubeszek
7:53 Loom
10:32 Feudal Age
10:35 Man-at-Arms
14:34 Arson
19:30 Horse Collar
20:34 Bloodlines
25:21 Castle Age
24:57 Stone Mining
24:57 Gold Mining
24:54 Double-Bit Axe
26:00 Forging
25:58 Scale Barding Armor
26:37 Husbandry
25:59 Light Cavalry
28:58 Chain Barding Armor
31:10 Iron Casting
31:47 Wheelbarrow
32:04 Heavy Plow
32:24 Vendel Legacy
35:09 Hand Cart
39:18 Imperial Age
38:24 Caravan
39:17 Ballistics
38:49 Fletching
39:23 Fortified Wall
40:30 Conscription
41:31 Blast Furnace
41:47 Town Watch
42:12 Pikeman
43:19 Guilds
45:25 Elite Jarl
47:55 Chemistry
47:45 Bodkin Arrow
51:00 Hussar
55:56 Masonry
59:09 Plate Barding Armor
61:59 Architecture
67:27 Cavalier
69:41 Crop Rotation
69:22 Bow Saw
73:28 Siege Engineers
Xemcio
2:46 Loom
10:05 Feudal Age
11:11 Double-Bit Axe
13:05 Horse Collar
19:08 Wheelbarrow
18:33 Stone Mining
18:34 Gold Mining
21:15 Castle Age
22:04 Bloodlines
22:05 Forging
22:42 Scale Barding Armor
22:59 Fletching
23:45 Iron Casting
23:20 Heavy Plow
23:31 Bow Saw
26:05 Padded Archer Armor
27:07 Town Watch
27:37 Hand Cart
28:37 Stone Shaft Mining
31:11 Bodkin Arrow
31:39 Ballistics
32:34 Iron Casting
33:10 Chain Barding Armor
34:40 Leather Archer Armor
38:02 Imperial Age
37:12 Treadmill Crane
39:00 Murder Holes
40:13 Conscription
40:00 Bracer
40:18 Heavy Hei Guang Cavalry
44:39 Blast Furnace
43:43 Husbandry
43:10 Pikeman
43:44 Halberdier
45:03 Tuntian
45:28 Scale Mail Armor
45:59 Ring Archer Armor
47:49 Squires
48:05 Chain Mail Armor
49:09 Parthian Tactics
48:52 Thumb Ring
53:03 Gold Shaft Mining
61:09 Caravan
64:09 Chemistry
71:47 Ming Guang Armor
71:25 Light Cavalry
NeverArabia
8:53 Loom
11:13 Feudal Age
19:02 Castle Age
16:59 Double-Bit Axe
17:07 Gold Mining
18:51 Scale Barding Armor
18:36 Horse Collar
25:14 Heavy Plow
26:37 Wheelbarrow
28:37 Hand Cart
32:25 Fortified Wall
32:26 Masonry
35:36 Imperial Age
33:48 Chain Barding Armor
33:39 Forging
33:42 Bloodlines
34:47 Caravan
36:42 Cavalier
37:58 Plate Barding Armor
37:59 Iron Casting
42:22 Blast Furnace
42:10 Bow Saw
43:55 Paladin
47:21 Two-Man Saw
46:54 Crop Rotation
46:53 Conscription
47:14 Hoardings
47:05 Crenellations
47:48 Scale Mail Armor
47:52 Squires
48:22 Town Watch
48:58 Chain Mail Armor
49:04 Fletching
51:28 Plate Mail Armor
52:40 Arson
54:20 Chemistry
53:27 Siege Engineers
53:43 Ballistics
54:09 Fervor
54:20 Sanctity
63:55 Gambesons
63:31 Pikeman
64:50 Bodkin Arrow
64:23 Halberdier
71:12 Stone Mining
74:12 Town Patrol
77:07 Elite Teutonic Knight
张维为
2:20 Loom
10:13 Feudal Age
12:26 Fletching
24:11 Castle Age
22:04 Double-Bit Axe
22:27 Padded Archer Armor
24:05 Horse Collar
24:24 Crossbowman
25:19 Town Watch
25:34 Bodkin Arrow
28:56 Wheelbarrow
29:27 Leather Archer Armor
31:05 Thumb Ring
35:15 Pikeman
35:56 Squires
38:51 Imperial Age
38:07 Scale Mail Armor
40:28 Chain Mail Armor
41:52 Plate Mail Armor
43:44 Conscription
44:09 Heavy Plow
50:44 Bracer
50:55 Elite Skirmisher
55:07 Bow Saw
58:07 Two-Man Saw
59:39 Chemistry
64:47 Ring Archer Armor
68:38 Town Patrol
68:58 Hand Cart
68:40 Arson
71:30 Forging
74:19 Siege Engineers
74:36 Ballistics
74:25 Siege Engineers
Connection lost

Rejoining the realm…

Still unreachable

The connection could not be restored.

Session expired

The server has moved on; the page needs a fresh start.